cohdb
Replays
Latest Replays
All Replays
Popular Replays
Top Player Replays
Match Explorer
How It Works
Community
CoH3 Stats
Reddit
Sign in to upload your games and track your stats! →
Sign in with Steam
Match 43834714
Unlisted
Match 43834714
Overview
Messages
Build Orders
End
Panzergrenadier Squad
Panzergrenadier Squad
Panzergrenadier Squad
Construct Light Support Kompanie
MG34 Team
Fire Support Elements
2.5-tonne Medical Truck
Selects Panzerjäger Kommand Battlegroup
Selects Mine Fields
Selects Defensive Positions
Construct Panzerarmee Kommand
MG34 Team
Panzerpioneer Squad
Panzerjäger Squad
Selects Tank Busters
Panzer III L Medium Tank
Selects Butterfly Bomb Drop
Armored Reserves
le.IG 18 Support Gun Team
Panzerjäger Squad
Panzerjäger Squad
Panzergrenadier Squad
MG34 Team
MG34 Team
Tiger Heavy Tank
Panzerpioneer Squad
Panzerpioneer Squad
MG34 Team
Panzerjäger Squad
Cha
Jarkke
Ridderick
Thyram
0
0
Comments
sign in to comment!
No comments posted yet!